AA
MONCTON MOHAWKS @ BAR HARBOR ISLANDERS
04/30/2060
 
TOP OF THE 1ST
Moncton Mohawks batting - Pitching for Bar Harbor Islanders : LHP Brock Luger
Pitching: LHP Brock Luger
Batting: RHB Seamus Elliott 0-0: Swinging Strike
0-1: Ground out 6-3 (Groundball, 6, EV 107.5 MPH)
Batting: RHB Derell Machuca 0-0: Ball
1-0: Ground out 4-3 (Groundball, 34D, EV 100.0 MPH)
Batting: RHB Wyatt Rivera 0-0: Foul Ball, location: 2F
0-1: Fly out, F9 (Flyball, 9LM, EV 101.2 MPH)
Top of the 1st over - 0 runs, 0 hits, 0 errors, 0 left on base; Moncton 0 - Bar Harbor 0
BOTTOM OF THE 1ST
Bar Harbor Islanders batting - Pitching for Moncton Mohawks : RHP Ty Roberts
Pitching: RHP Ty Roberts
Batting: RHB Gareth Peraza 0-0: Ball
1-0: Swinging Strike
1-1: Fly out, F9 (Flyball, 9, EV 87.5 MPH)
Batting: RHB Malcolm Taylor 0-0: Ball
1-0: Ball
2-0: Called Strike
2-1: Ground out 4-3 (Groundball, 4, EV 81.9 MPH)
Batting: LHB Jeremy Morrell 0-0: Foul Ball, location: 2F
0-1: SOLO HOME RUN (Flyball, 89XD, EV 105.6 MPH), Distance : 386 ft
Batting: SHB Art Villani 0-0: Called Strike
0-1: Ball
1-1: Foul Ball, location: 2F
1-2: Ball
2-2: Foul Ball, location: 2F
2-2: Ground out 1-3 (Groundball, 13S, EV 65.0 MPH)
Bottom of the 1st over - 1 run, 1 hit, 0 errors, 0 left on base; Moncton 0 - Bar Harbor 1
TOP OF THE 2ND
Moncton Mohawks batting - Pitching for Bar Harbor Islanders : LHP Brock Luger
Batting: LHB Joseph Llamas 0-0: Ball
1-0: Called Strike
1-1: Ball
2-1: Called Strike
2-2: Ball
3-2: Strikes out swinging
Batting: LHB Quincy Mobley 0-0: Ball
1-0: Foul Ball, location: 2F
1-1: Fly out, F9 (Flyball, 9D, EV 97.5 MPH)
Batting: RHB Rick Norris 0-0: SINGLE (Line Drive, 6D, EV 108.1 MPH)
Batting: LHB Evan Laurie 0-0: SINGLE (Groundball, 4MD, EV 96.2 MPH)
Rick Norris to second
Batting: RHB Elias Boulton 0-0: Fielders Choice at 2nd, 5-4 (Groundball, 56, EV 105.6 MPH)
Top of the 2nd over - 0 runs, 2 hits, 0 errors, 2 left on base; Moncton 0 - Bar Harbor 1
BOTTOM OF THE 2ND
Bar Harbor Islanders batting - Pitching for Moncton Mohawks : RHP Ty Roberts
Batting: RHB Andy Mandeville 0-0: Ball
1-0: Ball
2-0: Ball
3-0: Base on Balls
Batting: RHB Caleb Carlson 0-0: Ball
1-0: Called Strike
1-1: Swinging Strike
1-2: Foul Ball, location: 2F
1-2: Grounds into double play, 5-4-3 (Groundball, 5, EV 91.2 MPH)
Batting: RHB Jaxon King 0-0: Ground out 4-3 (Groundball, 4S, EV 89.4 MPH)
Bottom of the 2nd over - 0 runs, 0 hits, 0 errors, 0 left on base; Moncton 0 - Bar Harbor 1
TOP OF THE 3RD
Moncton Mohawks batting - Pitching for Bar Harbor Islanders : LHP Brock Luger
Batting: RHB Brendan Woodman 0-0: Ball
1-0: Foul Ball, location: 2F
1-1: Ball
2-1: Foul Ball, location: 2F
2-2: Foul Ball, location: 2F
2-2: Foul Ball, location: 2F
2-2: Ground out 5-3 (Groundball, 56, EV 86.9 MPH)
Batting: RHB Seamus Elliott 0-0: Ball
1-0: Ball
2-0: Called Strike
2-1: Ball
3-1: Fly out, F8 (Flyball, 8LM, EV 87.5 MPH)
Batting: RHB Derell Machuca 0-0: Ball
1-0: Called Strike
1-1: SINGLE (Groundball, 56D, EV 95.6 MPH)
Batting: RHB Wyatt Rivera 0-0: Ball
1-0: Called Strike
1-1: Ground out 4-3 (Groundball, 4, EV 81.2 MPH)
Top of the 3rd over - 0 runs, 1 hit, 0 errors, 1 left on base; Moncton 0 - Bar Harbor 1
BOTTOM OF THE 3RD
Bar Harbor Islanders batting - Pitching for Moncton Mohawks : RHP Ty Roberts
Batting: RHB Clayton Brubaker 0-0: Ball
1-0: Called Strike
1-1: Foul Ball, location: 2F
1-2: Ball
2-2: Hit by Pitch
Batting: RHB Louis Lucatero 0-0: Ball
1-0: Foul Ball, location: 2F
1-1: Called Strike
1-2: Strikes out swinging
Batting: RHB Gareth Peraza 0-0: Ball
1-0: Called Strike
1-1: Called Strike
1-2: SINGLE (Groundball, 34D, EV 95.0 MPH)
Clayton Brubaker to second
Runner from 2nd tries for 3rd, SAFE, throw by RF made to third
Gareth Peraza to second
Batting: RHB Malcolm Taylor 0-0: Called Strike
0-1: Ground out 6-3 (Groundball, 56, EV 81.2 MPH)
Clayton Brubaker scores
Batting: LHB Jeremy Morrell 0-0: Ball
1-0: Ball
2-0: Ball
3-0: Swinging Strike
3-1: Called Strike
3-2: SINGLE (Groundball, 15S, EV 65.0 MPH) (infield hit)
Gareth Peraza to third
Batting: SHB Art Villani 0-0: Ball
1-0: Swinging Strike
1-1: Swinging Strike
1-2: Foul Ball, location: 2F
1-2: Ground out 4-3 (Groundball, 4S, EV 84.4 MPH)
Bottom of the 3rd over - 1 run, 2 hits, 0 errors, 2 left on base; Moncton 0 - Bar Harbor 2
TOP OF THE 4TH
Moncton Mohawks batting - Pitching for Bar Harbor Islanders : LHP Brock Luger
Batting: LHB Joseph Llamas 0-0: SINGLE (Line Drive, 8RS, EV 96.9 MPH)
Batting: LHB Quincy Mobley 0-0: Called Strike
0-1: Grounds into double play, 5-4-3 (Groundball, 56, EV 91.2 MPH)
Batting: RHB Rick Norris 0-0: DOUBLE (Line Drive, 7LM, EV 103.8 MPH)
Batting: LHB Evan Laurie 0-0: Ball
1-0: Ball
2-0: Ground out 6-3 (Groundball, 6S, EV 83.8 MPH)
Top of the 4th over - 0 runs, 2 hits, 0 errors, 1 left on base; Moncton 0 - Bar Harbor 2
BOTTOM OF THE 4TH
Bar Harbor Islanders batting - Pitching for Moncton Mohawks : RHP Ty Roberts
Batting: RHB Andy Mandeville 0-0: SINGLE (Groundball, 56D, EV 96.2 MPH)
Batting: RHB Caleb Carlson 0-0: Foul Ball, location: 2F
0-1: Foul Ball, location: 2F
0-2: Ball
1-2: Foul Ball, location: 2F
1-2: Strikes out swinging
Batting: RHB Jaxon King 0-0: Called Strike
0-1: Ball
1-1: Called Strike
1-2: Ball
2-2: Strikes out looking
Batting: RHB Clayton Brubaker 0-0: Fielders Choice at 2nd, U4 (Groundball, 4M, EV 83.1 MPH)
Bottom of the 4th over - 0 runs, 1 hit, 0 errors, 1 left on base; Moncton 0 - Bar Harbor 2
TOP OF THE 5TH
Moncton Mohawks batting - Pitching for Bar Harbor Islanders : LHP Brock Luger
Batting: RHB Elias Boulton 0-0: Ground out 5-3 (Groundball, 56S, EV 65.0 MPH)
Batting: RHB Brendan Woodman 0-0: SINGLE (Groundball, 4S, EV 75.0 MPH) (infield hit)
Batting: RHB Seamus Elliott 0-0: Ball
1-0: Called Strike
1-1: Called Strike
1-2: Ball
2-2: Ball
3-2: Foul Ball, location: 2F
3-2: Base on Balls
Brendan Woodman to second
Batting: RHB Derell Machuca 0-0: Fielders Choice at 2nd, 3-6 (Groundball, 13, EV 86.2 MPH)
Brendan Woodman to third
Batting: RHB Wyatt Rivera 0-0: Foul Ball, location: 2F
0-1: Called Strike
0-2: Strikes out looking
Top of the 5th over - 0 runs, 1 hit, 0 errors, 2 left on base; Moncton 0 - Bar Harbor 2
BOTTOM OF THE 5TH
Bar Harbor Islanders batting - Pitching for Moncton Mohawks : RHP Ty Roberts
Batting: RHB Louis Lucatero 0-0: Ball
1-0: Swinging Strike
1-1: Swinging Strike
1-2: Ground out 6-3 (Groundball, 56D, EV 80.0 MPH)
Batting: RHB Gareth Peraza 0-0: Ball
1-0: Called Strike
1-1: Called Strike
1-2: SOLO HOME RUN (Flyball, 89XD, EV 103.1 MPH), Distance : 419 ft
Batting: RHB Malcolm Taylor 0-0: Foul Ball, location: 2F
0-1: DOUBLE (Line Drive, 7LS, EV 97.5 MPH)
Batting: LHB Jeremy Morrell 0-0: Called Strike
0-1: Fly out, F8 (Flyball, 8LM, EV 91.2 MPH)
Batting: SHB Art Villani 0-0: Ball
1-0: Foul Ball, location: 2F
1-1: Ball
2-1: Swinging Strike
2-2: Strikes out swinging
Bottom of the 5th over - 1 run, 2 hits, 0 errors, 1 left on base; Moncton 0 - Bar Harbor 3
TOP OF THE 6TH
Moncton Mohawks batting - Pitching for Bar Harbor Islanders : LHP Brock Luger
Batting: LHB Joseph Llamas 0-0: Ball
1-0: Called Strike
1-1: Fly out, F8 (Line Drive, 78D, EV 83.8 MPH)
Batting: LHB Quincy Mobley 0-0: Ball
1-0: Called Strike
1-1: Swinging Strike
1-2: Fly out, F9 (Flyball, 89M, EV 75.0 MPH)
Batting: RHB Rick Norris 0-0: Ball
1-0: Ball
2-0: Called Strike
2-1: Foul Ball, location: 2F
2-2: Fly out, F8 (Flyball, 89D, EV 101.2 MPH)
Top of the 6th over - 0 runs, 0 hits, 0 errors, 0 left on base; Moncton 0 - Bar Harbor 3
BOTTOM OF THE 6TH
Bar Harbor Islanders batting - Pitching for Moncton Mohawks : RHP Ty Roberts
Batting: RHB Andy Mandeville 0-0: Ball
1-0: DOUBLE (Line Drive, 8LXD, EV 103.8 MPH)
Batting: RHB Caleb Carlson 0-0: Foul Ball, location: 2F
0-1: Ball
1-1: Ground out 5-3 (Groundball, 56, EV 102.5 MPH)
Batting: RHB Jaxon King 0-0: Ball
1-0: Foul Ball, location: 2F
1-1: Ball
2-1: Fly out, F7 (Flyball, 78M, EV 88.1 MPH)
Batting: RHB Clayton Brubaker 0-0: Called Strike
0-1: Ground out U3 (Groundball, 3, EV 88.1 MPH)
Bottom of the 6th over - 0 runs, 1 hit, 0 errors, 1 left on base; Moncton 0 - Bar Harbor 3
TOP OF THE 7TH
Moncton Mohawks batting - Pitching for Bar Harbor Islanders : LHP Brock Luger
Pitching: RHP Sawyer Hoffman
Batting: LHB Evan Laurie 0-0: Called Strike
0-1: Foul Ball, location: 2F
0-2: Foul Ball, location: 2F
0-2: Ball
1-2: Strikes out swinging
Pinch Hitting: LHB Tristen Campbell 0-0: Ball
1-0: Ball
2-0: Swinging Strike
2-1: Foul Ball, location: 2F
2-2: Ball
3-2: Foul Ball, location: 2F
3-2: Strikes out swinging
Batting: RHB Brendan Woodman 0-0: Fly out, F9 (Flyball, 9, EV 87.5 MPH)
Top of the 7th over - 0 runs, 0 hits, 0 errors, 0 left on base; Moncton 0 - Bar Harbor 3
BOTTOM OF THE 7TH
Bar Harbor Islanders batting - Pitching for Moncton Mohawks : RHP Ty Roberts
Now at 2B: Dallas Wombolt
Now at SS: Brendan Woodman
Batting: RHB Louis Lucatero 0-0: Called Strike
0-1: Ball
1-1: Called Strike
1-2: Foul Ball, location: 2F
1-2: Strikes out swinging
Batting: RHB Gareth Peraza 0-0: Foul Ball, location: 2F
0-1: Foul Ball, location: 2F
0-2: SINGLE (Groundball, P, EV 80.6 MPH) (infield hit)
Batting: RHB Malcolm Taylor 0-0: Ball
1-0: Called Strike
1-1: Foul Ball, location: 2F
1-2: Ball
2-2: Fly out, F2 (Popup, 23F, EV 83.1 MPH)
Batting: LHB Jeremy Morrell 0-0: Foul Ball, location: 2F
0-1: Ball
1-1: Swinging Strike
1-2: Strikes out swinging
Bottom of the 7th over - 0 runs, 1 hit, 0 errors, 1 left on base; Moncton 0 - Bar Harbor 3
TOP OF THE 8TH
Moncton Mohawks batting - Pitching for Bar Harbor Islanders : RHP Sawyer Hoffman
Batting: RHB Seamus Elliott 0-0: Called Strike
0-1: Ball
1-1: Swinging Strike
1-2: Ball
2-2: Ground out 5-3 (Groundball, 5, EV 85.6 MPH)
Batting: RHB Derell Machuca 0-0: Ground out 6-3 (Groundball, 6, EV 86.9 MPH)
Batting: RHB Wyatt Rivera 0-0: Ground out U3 (Groundball, 34S, EV 88.8 MPH)
Top of the 8th over - 0 runs, 0 hits, 0 errors, 0 left on base; Moncton 0 - Bar Harbor 3
BOTTOM OF THE 8TH
Bar Harbor Islanders batting - Pitching for Moncton Mohawks : RHP Ty Roberts
Batting: SHB Art Villani 0-0: Ball
1-0: Ball
2-0: Called Strike
2-1: Ball
3-1: Base on Balls
Pitching: RHP Roy Buric
Batting: RHB Andy Mandeville 0-0: Called Strike
0-1: Ball
1-1: Foul Ball, location: 2F
1-2: Strikes out looking
Batting: RHB Caleb Carlson 0-0: Ball
Art Villani is caught stealing 2nd base 2-4
1-0: Called Strike
1-1: Foul Ball, location: 2F
1-2: Ground out 4-3 (Groundball, 4, EV 101.2 MPH)
Bottom of the 8th over - 0 runs, 0 hits, 0 errors, 0 left on base; Moncton 0 - Bar Harbor 3
TOP OF THE 9TH
Moncton Mohawks batting - Pitching for Bar Harbor Islanders : RHP Sawyer Hoffman
Pitching: RHP Dillon Thompson
Batting: LHB Joseph Llamas 0-0: Ball
1-0: Swinging Strike
1-1: Called Strike
1-2: Ball
2-2: Ground out 6-3 (Groundball, 6, EV 105.0 MPH)
Batting: LHB Quincy Mobley 0-0: Ball
1-0: Ball
2-0: Called Strike
2-1: Ball
3-1: Foul Ball, location: 2F
3-2: Strikes out swinging
Batting: RHB Rick Norris 0-0: Ball
1-0: Ball
2-0: Foul Ball, location: 2F
2-1: Foul Ball, location: 2F
2-2: Fly out, F9 (Flyball, 9D, EV 98.8 MPH)
Top of the 9th over - 0 runs, 0 hits, 0 errors, 0 left on base; Moncton 0 - Bar Harbor 3
Monday, April 29th , 2024 - OOTP Baseball 23.10 Build 110